[Event "Czech Championship U20 Open 2023"]
[Site "Jaromerice nad Rokytnou"]
[Date "2023.03.14"]
[Round "6.5"]
[White "Mach, Petr"]
[Black "Jun, Rudolf"]
[Result "1/2-1/2"]
[ECO "A04"]
[WhiteElo "2167"]
[BlackElo "2152"]
[Annotator "TA"]
[PlyCount "66"]
[EventDate "2023.03.10"]
[EventType "tourn"]
[EventCountry "CZE"]
[SourceTitle "playchess.com"]
[Source "ChessBase"]
[SourceQuality "1"]
[TimeControl "40/5400+30:1800+30"]

1. Nf3 c5 2. g3 Nc6 3. d4 cxd4 4. Nxd4 g6 5. Bg2 Bg7 6. Nxc6 bxc6 7. c4 Qa5+ {[%emt 0:04:01] A30: Symmetrical English: Double Fianchetto and Hedgehog.} 8. Qd2 Qxd2+ 9. Nxd2 {[%emt 0:02:21] [#]} a5 $146 ({Predecessor:} 9... Nf6 10. Rb1 d5 11. e4 Be6 12. b3 O-O 13. Ba3 dxe4 14. Nxe4 Bf5 15. f3 Nxe4 16. fxe4 {1-0 Neiss,J (2076)-Powierski,E (2019) Hamburg St Pauli op-A 2011 (4)}) 10. Rb1 Nf6 11. e4 Ra6 12. O-O d6 13. b3 O-O 14. Bb2 Rd8 15. Rfd1 c5 16. h3 (16. e5 $5 Ng4 17. Ne4 $11) 16... Nd7 17. Bxg7 Kxg7 18. f4 Bb7 19. Kf2 (19. e5 $11 Bxg2 20. Kxg2) 19... Rb6 20. Nf1 Nf6 21. Re1 {[%emt 0:03:12] [#]} a4 $1 22. e5 $11 {[%emt 0:01:47] The position is equal.} dxe5 23. Rxe5 Bxg2 24. Kxg2 Rd3 25. Rxe7 axb3 26. Rxb3 Rbxb3 27. axb3 Rxb3 {[%emt 0:00:09][%mdl 4096] Endgame KRN-KRN} 28. Re5 Nd7 29. Rd5 Nb6 30. Rxc5 Rc3 31. Kf2 Rxc4 32. Rxc4 Nxc4 33. Ne3 Nd2 {[%emt 0:00:15] Weighted Error Value: White=0.10 (very precise) /Black=0.11 (very precise)} 1/2-1/2

[Event "Czech Championship U20 Open 2023"]
[Site "Jaromerice nad Rokytnou"]
[Date "2023.03.14"]
[Round "6.6"]
[White "Ocelak, Jakub"]
[Black "Hrbek, Stepan"]
[Result "1/2-1/2"]
[ECO "A37"]
[WhiteElo "2190"]
[BlackElo "2340"]
[Annotator "TA"]
[PlyCount "83"]
[EventDate "2023.03.10"]
[EventType "tourn"]
[EventCountry "CZE"]
[SourceTitle "playchess.com"]
[Source "ChessBase"]
[SourceQuality "1"]
[TimeControl "40/5400+30:1800+30"]

1. Nf3 c5 2. c4 Nc6 3. Nc3 g6 4. g3 Bg7 5. Bg2 e6 6. e3 Nge7 7. d4 cxd4 8. Nxd4 d5 9. cxd5 exd5 10. O-O O-O $1 {[%emt 0:00:25] The main line 10...0-0 scores better than 10...Nxd4.} 11. Nxc6 bxc6 12. Qa4 {[%emt 0:01:04] A36: Symmetrical English vs ...g6: 4 Bg2 Bg7.} Qb6 13. Qa3 {[%emt 0:03:51] [#]} Nf5 $146 ({Predecessor:} 13... Re8 14. Na4 Qa6 15. Bd2 Rb8 16. Bb4 Nf5 17. Rfc1 h5 18. Bf1 Qb7 19. Bc3 Bf8 {1-0 Gochelashvili,D (2324)-Vastrukhin,O (2367) Novorossiysk Small Land Blitz 2022 (5)}) 14. Bd2 {[%emt 0:03:52] White has an edge.} ({Much worse is} 14. e4 dxe4 15. Nxe4 Be6 $15) 14... Re8 15. Na4 Qa6 16. Rab1 (16. Bb4 $14) 16... Rb8 (16... Nd6 $5 17. Qxd6 Qxa4 $11) 17. b3 Bf8 18. Qc1 Nd6 19. Nc5 Qb6 (19... Qxa2 $2 20. Ra1 $18) 20. Na4 Qa6 21. Nc5 Qb5 (21... Qxa2 $2 22. Ra1 $18) 22. a4 Qb6 23. a5 Qd8 24. Qd1 Nb5 25. b4 Bg7 26. Qb3 Bf5 27. Rbc1 h5 28. Rfe1 h4 29. Bf1 Bh6 30. Qb2 Rc8 31. Bd3 (31. Bxb5 $11 cxb5 32. Bc3) 31... Bxd3 $15 32. Nxd3 h3 33. Nc5 Bg7 34. Qb3 f5 (34... Qg5 $15) 35. Qd3 Kf7 (35... Qg5 $11) 36. Rcd1 (36. Qf1 $1 $14) 36... Qf6 (36... Nd6 $11) 37. Rb1 (37. Qf1 $1 $14) 37... Rcd8 {[%emt 0:00:17] The position is equal.} 38. Rbc1 g5 39. Qf1 g4 40. Qd3 Re7 41. f3 gxf3 {[%emt 0:09:09] [#] Threatens to win with ...Bh6.} 42. Rf1 {[%emt 0:01:22] Weighted Error Value: White=0.18 (very precise) /Black=0.17 (very precise)} 1/2-1/2

[Event "Czech Championship U20 Open 2023"]
[Site "Jaromerice nad Rokytnou"]
[Date "2023.03.15"]
[Round "7.1"]
[White "Hrbek, Stepan"]
[Black "Hlavina, Matous"]
[Result "1-0"]
[ECO "D10"]
[WhiteElo "2340"]
[BlackElo "2091"]
[Annotator "TA"]
[PlyCount "77"]
[EventDate "2023.03.10"]
[EventType "tourn"]
[EventCountry "CZE"]
[SourceTitle "playchess.com"]
[Source "ChessBase"]
[SourceQuality "1"]
[TimeControl "40/5400+30:1800+30"]

1. c4 c6 2. d4 d5 3. cxd5 cxd5 4. Bg5 Nc6 5. Nc3 Nf6 6. Bxf6 {[%emt 0:03:06] D10: Slav Defence: 3 cxd5 (without early Nf3) and 3 Nc3.} exf6 7. e3 Bb4 8. Nge2 {[%emt 0:04:26] White is slightly better.} Bg4 9. Qb3 O-O 10. a3 {[%emt 0:06:19] [#]} Ba5 $146 ({Predecessor:} 10... Bxe2 11. Bxe2 Bxc3+ 12. Qxc3 Re8 13. O-O Qd6 14. Bf3 Rac8 15. Qb3 Red8 16. Qxb7 Rb8 {0-1 Orfanidis,K (1819)-Papachristopoulos,G (1658) GRE-ch Online Blitz op 1st 2021 (7)}) 11. h3 Bxe2 12. Bxe2 Re8 13. O-O (13. Qxb7 Nxd4 14. exd4 Rb8 15. Qxa7 Rxb2 $15) 13... Nxd4 $2 {[%emt 0:02:29] [#] This costs Black the game.} 14. exd4 $18 {[%emt 0:00:08] Bg4 is the strong threat.} Bxc3 15. Bb5 Bxd4 16. Bxe8 Qxe8 17. Rfe1 (17. Qxb7 $6 Rb8 18. Qxd5 Bxb2 $16) 17... Qc6 (17... Be5 $142) 18. Rad1 Be5 19. Rxd5 h6 20. Red1 {[%emt 0:00:32][%cal Be1d1,Bd1d8,Bd8a8,Ba8e8,Be8e6,Be6b6,Bb6b5][%mdl 32] aiming for Rd7.} Rc8 $2 {[%emt 0:01:14] [#]} (20... b6 21. Rd7 (21. Rd8+ Rxd8 22. Rxd8+ Kh7 $18) 21... Qe6 22. Qxe6 fxe6) 21. Rd7 (21. Rd8+ Rxd8 22. Rxd8+ Kh7 23. Qd3+ (23. Qxf7 $2 Qc1+) 23... g6 $18) 21... Qe6 (21... Qc4 $142 22. Qxc4 Rxc4 23. Rxb7 h5 24. Rd8+ Kh7) 22. Rd8+ Rxd8 23. Rxd8+ Kh7 24. Qxe6 ({Not} 24. Qxb7 Bd4 25. Qb4 (25. Rxd4 Qe1+ 26. Kh2 Qe5+ 27. g3 Qxd4 $11) 25... Bb6 $18) 24... fxe6 {[%emt 0:00:06][%mdl 4096] Endgame KR-KB} 25. b3 b6 26. Ra8 a5 27. Re8 Bb2 $2 (27... Bd4 28. Rxe6 Kg6) 28. Rxe6 Bxa3 29. Rxb6 Kg6 30. Rb5 Bb4 31. g4 Kf7 32. Rb7+ Kg6 33. h4 h5 34. gxh5+ Kxh5 35. Rxg7 Kxh4 36. Kg2 {[%emt 0:00:15] White mates.} Kh5 37. Kf3 Kh6 38. Rg2 Bc3 39. Ke4 {Weighted Error Value: White=0.08 (flawless) /Black=0.63} 1-0

[Event "Czech Championship U20 Open 2023"]
[Site "Jaromerice nad Rokytnou"]
[Date "2023.03.15"]
[Round "7.2"]
[White "Jun, Rudolf"]
[Black "Ocelak, Jakub"]
[Result "1/2-1/2"]
[ECO "C01"]
[WhiteElo "2152"]
[BlackElo "2190"]
[Annotator "TA"]
[PlyCount "60"]
[EventDate "2023.03.10"]
[EventType "tourn"]
[EventCountry "CZE"]
[SourceTitle "playchess.com"]
[Source "ChessBase"]
[SourceQuality "1"]
[TimeControl "40/5400+30:1800+30"]

1. e4 e6 2. d4 d5 3. exd5 exd5 4. Bd3 Nc6 5. c3 Bd6 6. h3 Nge7 7. Ne2 {[%emt 0:03:09] C01: French: Exchange Variation.} O-O 8. O-O Bf5 9. Bf4 {[%emt 0:01:16] The position is equal.} Bxd3 10. Qxd3 Ng6 11. Bg3 {[%emt 0:00:33] [#]} a6 $146 ({Predecessor:} 11... Bxg3 12. Nxg3 Re8 13. Nd2 Qd7 14. Nf3 a5 15. b3 b6 16. Rae1 Rxe1 17. Rxe1 Re8 18. Rxe8+ Qxe8 19. Qe2 Qxe2 20. Nxe2 {½-½ Hannewald,A (1386)-Kirschbaum,A (1332) SJNR-ch U16 Kranenburg 2005 (3)}) 12. Nd2 Qd7 13. Rfe1 (13. f4 $5 ) 13... Rae8 14. Qf3 Bxg3 15. Nxg3 Re6 16. Re3 Rfe8 17. Rae1 Rxe3 18. Rxe3 Rxe3 19. fxe3 Nce7 20. e4 Qe6 21. Kh2 Kf8 22. b3 Qd6 23. e5 Qe6 24. c4 Kg8 25. Qc3 Nc6 26. Nf3 h6 27. Nf1 Nge7 28. Ne3 Qd7 29. Kg1 Qe6 30. Kf2 Kh8 {[%emt 0:00:17] Weighted Error Value: White=0.07 (flawless) /Black=0.09 (flawless)} 1/2-1/2

[Event "Czech Championship U20 Open 2023"]
[Site "Jaromerice nad Rokytnou"]
[Date "2023.03.15"]
[Round "7.3"]
[White "Kubiczek, Michal"]
[Black "Mach, Petr"]
[Result "0-1"]
[ECO "D71"]
[WhiteElo "2087"]
[BlackElo "2167"]
[Annotator "TA"]
[PlyCount "50"]
[EventDate "2023.03.10"]
[EventType "tourn"]
[EventCountry "CZE"]
[SourceTitle "playchess.com"]
[Source "ChessBase"]
[SourceQuality "1"]
[TimeControl "40/5400+30:1800+30"]

1. d4 Nf6 2. c4 g6 3. g3 Bg7 4. Bg2 O-O 5. Nc3 d6 6. e3 e5 7. Nge2 Nc6 8. O-O Nd7 9. d5 {[%emt 0:11:25] E61: King's Indian: Early deviations for White, including Smyslov System.} Ne7 10. e4 f5 11. Be3 {[%emt 0:07:30] White has an edge.} Nf6 12. f3 h6 {[%emt 0:02:33] [#]} 13. b4 $146 ({Predecessor:} 13. Kh1 g5 14. c5 Ng6 15. cxd6 cxd6 16. Rc1 Bd7 17. Qb3 Ne8 18. Qxb7 Rb8 19. Qxa7 Rxb2 {1-0 Garcia Fernandez,J (2095)-Cobiella Rodriguez,J Infiesto op 1996 (5)}) 13... g5 14. Qd2 (14. exf5 $11 Bxf5 15. Qd2) 14... a6 (14... f4 $15 15. Bf2 Ng6) 15. a4 (15. exf5 $11 Nxf5 16. Bf2) 15... Qe8 (15... f4 $15 16. Bf2 Ng6) 16. c5 ({White should try} 16. exf5 $11 Bxf5 17. Ne4) 16... fxe4 (16... f4 $15 17. Bf2 Qh5) 17. fxe4 $14 Qh5 18. Kh1 $1 Bd7 19. Bg1 Rf7 {[%emt 0:01:14] [#]} 20. Nd1 $2 {[%emt 0:05:49][%mdl 8192] Now White is beyond hope.} (20. Nc1 $1 $16 {and life is bright.}) 20... Nxe4 $1 $19 {[%emt 0:04:01][%mdl 64] Deflection} 21. Qe3 (21. Qe1 {was worth a try.} Rxf1 22. Bxf1) 21... Rxf1 {[%emt 0:01:02] Black is clearly winning.} (21... Nxd5 22. Qxe4 Rxf1 23. Bxf1 $11 (23. Qxd5+ Kh8 $11)) 22. Bxf1 Bg4 {[%emt 0:05:00] Hoping for ...Nf5.} ({Weaker is} 22... Nxd5 23. Qxe4 Nf4 24. Nxf4 (24. gxf4 $2 {loses.} Bc6 $19) 24... exf4 25. Qc4+ (25. Qxb7 Re8 $17) 25... Kf8 26. Bd4 Bxd4 27. Qxd4 fxg3 28. Ra2 $11 (28. cxd6 $2 Qxh2#)) 23. Bf2 (23. Ra3 $142 Rf8 24. Qxe4 Rxf1 25. Nf2 Bxe2 26. g4 Bxg4 27. Qxg4 Qxg4 28. Nxg4) 23... Nf5 24. Qd3 Nxf2+ 25. Nxf2 {[%emt 0:00:22] [#]} e4 $1 {[%mdl 576] Discovered Attack.   Weighted Error Value: White=0.93/Black=0.23 (precise)} 0-1

[Event "Czech Championship U20 Open 2023"]
[Site "Jaromerice nad Rokytnou"]
[Date "2023.03.15"]
[Round "7.4"]
[White "Frank, Adam"]
[Black "Jares, Michal"]
[Result "1-0"]
[ECO "B76"]
[WhiteElo "2391"]
[BlackElo "2177"]
[Annotator "TA"]
[PlyCount "117"]
[EventDate "2023.03.10"]
[EventType "tourn"]
[EventCountry "CZE"]
[SourceTitle "playchess.com"]
[Source "ChessBase"]
[SourceQuality "1"]
[TimeControl "40/5400+30:1800+30"]

1. e4 c5 2. Nf3 d6 3. d4 cxd4 4. Nxd4 Nf6 5. Nc3 g6 6. Be3 Bg7 7. f3 O-O 8. Qd2 Nc6 9. O-O-O d5 10. exd5 Nxd5 11. Nxc6 bxc6 12. Bd4 e5 13. Bc5 Be6 14. Ne4 Re8 15. h4 Nf4 16. g3 {[%emt 0:00:11] B76: Sicilian Dragon: Yugoslav Attack, 9 g4 and 9 0-0-0.} (16. Qe1 {feels hotter.} Bd5 17. h5 f5 18. hxg6 fxe4 19. fxe4 Qg5 20. Be3) 16... Qxd2+ 17. Rxd2 Nh5 18. g4 {[%emt 0:00:02][%cal Bg3g4,Bg4g5,Bg5f6][%mdl 32] White is slightly better.} Nf4 19. g5 Bd5 {[%emt 0:02:42] [#]} 20. Bd3 $146 ({Predecessor:} 20. c4 Bxe4 21. fxe4 Ne6 22. Be3 Nd4 23. Bh3 Rab8 24. Rf1 Rb4 25. b3 Rb7 26. Bg4 {0-1 Reis,C (2273)-Santhosh,M David Lodge mem email 2000}) 20... Red8 21. Rhd1 Ne6 {[%emt 0:10:35] White must now prevent ...Bxe4.} 22. Be7 Re8 23. Nf6+ Bxf6 24. gxf6 Bxf3 {[%emt 0:13:32] Black is on the road to losing.} (24... Bxa2 $2 25. b3 $18) 25. Re1 Nf4 26. Rxe5 Nd5 27. Bc4 {[%emt 0:16:16] White is more active.} Nb6 28. Bf1 {[%emt 0:02:51] This pair of bishops is nice. Black is weak on the dark squares} Rab8 (28... a5 {keeps fighting.} 29. Re3 Bd5) 29. b3 $18 Nd5 {[%emt 0:07:18] [#]} (29... h5 {might work better.} 30. Bh3 Bg4) 30. Bh3 $1 Nb6 31. c4 Rb7 (31... h5 {was necessary.} 32. Rd4 Bh1) 32. Kc2 h5 33. Kc3 Kh7 34. Rd4 Kh6 35. a4 Bg4 36. Bxg4 hxg4 37. Rxg4 Nd7 38. Reg5 Reb8 39. b4 c5 (39... Nf8 {was worth a try.} 40. Bxf8+ Rxf8) 40. b5 ({Not} 40. bxc5 Rb2 41. Rg2 (41. c6 R8b3+ 42. Kd4 Rd2+ 43. Ke4 Re2+ 44. Kf4 Rf2+ 45. Ke4 Re2+ 46. Kd4 Rd2+ 47. Ke4 Re2+ $11) 41... Rb1 $18) (40. Bxc5 Nxf6 41. Rf4 Nh7 $18) 40... Rb6 41. Rf4 Re6 42. a5 a6 43. b6 Re3+ 44. Kd2 Rh3 (44... Ra3 45. Bxc5 Rxa5 46. Bf8+ {[%mdl 64] Discovered Attack} Nxf8 47. Rxa5 Ne6) 45. Bxc5 Rxh4 46. Rd5 Rh2+ 47. Rf2 Rxf2+ 48. Bxf2 Nxf6 {[%emt 0:00:15][%mdl 4096] Endgame KRB-KRN} 49. Be3+ Kh7 50. Rd4 Re8 51. Bf4 g5 52. Bxg5 {[%emt 0:00:00] White mates.} Ne4+ {[%emt 0:00:51] [#]} 53. Rxe4 $1 Rxe4 {[%emt 0:00:10] KR-KB} 54. b7 Re8 55. c5 Kg6 {[%emt 0:00:25] [#]} 56. c6 $1 Kxg5 (56... Rb8 57. Bf4) 57. c7 Re5 58. c8=Q Rd5+ 59. Ke3 {[%emt 0:00:00] Weighted Error Value: White=0.17 (very precise) /Black=0.50} 1-0

[Event "Czech Championship U20 Open 2023"]
[Site "Jaromerice nad Rokytnou"]
[Date "2023.03.15"]
[Round "7.5"]
[White "Mica, Marek"]
[Black "Svanda, Ondrej"]
[Result "1/2-1/2"]
[ECO "A04"]
[WhiteElo "2248"]
[BlackElo "2366"]
[Annotator "TA"]
[PlyCount "168"]
[EventDate "2023.03.10"]
[EventType "tourn"]
[EventCountry "CZE"]
[SourceTitle "playchess.com"]
[Source "ChessBase"]
[SourceQuality "1"]
[TimeControl "40/5400+30:1800+30"]

1. Nf3 c5 2. c4 g6 3. d4 cxd4 4. Nxd4 Nf6 5. Nc3 Nc6 6. Nc2 Bg7 7. e4 d6 8. Be2 Nd7 9. Bd2 O-O 10. O-O Nc5 11. f3 f5 {[%emt 0:00:30] B37: Sicilian: Maroczy Bind with 5...Bg7, sidelines.} 12. b4 Ne6 13. exf5 gxf5 {[%emt 0:00:40] White has an edge.} 14. Rb1 Ncd4 15. Nxd4 Nxd4 16. Bd3 {[%emt 0:03:41] [#]} e6 $146 ({Predecessor:} 16... e5 17. Kh1 Be6 18. Ne2 Nc6 19. b5 Ne7 20. Bb4 Rc8 21. Rc1 Rf7 22. a4 d5 23. Bxe7 Rxe7 24. cxd5 Rxc1 25. Qxc1 Qxd5 {1-0 Sanchez,R (1966)-Weetik,V (2423) Titled Tuesday intern op 23rd Aug Late blitz 2022 (11)}) 17. Qc1 Qf6 18. Kh1 Bd7 19. Bg5 Qf7 20. Bh6 Rac8 21. Bxg7 Qxg7 22. Qd2 e5 23. Ne2 Nxe2 24. Bxe2 Rf6 (24... Qe7 $1 $11) 25. Qd5+ $14 Kh8 26. Qxb7 Rg8 27. Rf2 {[%emt 0:00:27] Active counter play!} (27. Qxa7 $2 Qxg2#) (27. g3 $5 ) 27... Rg6 (27... Rh6 $1 $11 {keeps the balance.} 28. Kg1 (28. Qxa7 $2 Qg3 $19) 28... e4 29. fxe4 Qe5) 28. Bf1 (28. Qxa7 $2 Rxg2 29. h4 Rg1+ 30. Rxg1 Qxg1#) (28. g3 $16) 28... Rh6 $1 $40 {[%emt 0:02:14][%mdl 128] Black is up to no good.} 29. Kg1 (29. Qxa7 $2 Qg3 30. h3 Rxh3+ 31. gxh3 Qg1#) 29... f4 (29... Rh4 $16 {was worth a try.}) 30. c5 ({Don't take} 30. Qxa7 $6 Qg6 $14) (30. Bd3 $18) 30... Qg6 $16 {[%emt 0:03:10] [#] White must now prevent ...Bc8.} 31. Qxd7 (31. Re1 $1 $16 Bc8 32. Qd5) 31... Qxb1 $11 32. c6 {[%emt 0:00:17] Hoping for b5. The board is on fire.} Qxb4 33. Qxa7 (33. c7 $1 $11 Qc5 34. Bd3) 33... Qc3 $17 34. Qa4 (34. Qd7 $17) 34... Qc5 $2 ({Better is} 34... d5 $19 35. Qb5 Qxc6) 35. Qc2 $15 Qa5 36. Qc4 ({Don't blunder} 36. c7 $2 Rc8 37. Qd2 Qxc7 $19) (36. a4 $11 {remains equal.}) 36... d5 $17 37. Qb5 Qc3 38. Qxd5 Rxc6 39. Qe4 Rcg6 (39... Rd6 $17 40. Rc2 Qd4+ 41. Qxd4 Rxd4) 40. a4 Qc5 41. Qc2 Rc6 42. Qxc5 Rxc5 {[%emt 0:00:09][%mdl 4096] Endgame KRR-KRB} 43. Rb2 Rgc8 44. Bd3 Rc3 45. Be4 Ra3 46. h4 $2 ({White should try} 46. g4 $15) 46... Rc1+ $19 (46... Rxa4 47. Rb7 $15) 47. Kh2 {[%emt 0:00:00] [#]} Raa1 $1 (47... Rxa4 48. Rb7 $15) 48. g4 Rh1+ ({Stronger than} 48... Rxa4 49. g5 $17) 49. Kg2 Rxh4 50. Rb8+ Kg7 51. Rb7+ Kf6 {[%emt 0:00:08] Strongly threatening ...Rah1.} 52. Rxh7 Rxh7 53. Bxh7 {[%emt 0:00:00] KR-KB} Kg5 54. Be4 Rxa4 55. Kh3 Rb4 56. Bd5 Rb8 57. Be4 Rh8+ 58. Kg2 Kh4 59. Kf2 Rd8 60. Ke2 Kg3 61. g5 Kh4 62. g6 Kg5 63. Kf2 Kf6 64. Ke2 Rd4 65. Bd3 Ra4 66. Kf2 Ra2+ 67. Ke1 Rg2 68. Be4 Rxg6 $2 (68... Rb2 $19 {Threatens to win with ...Rb3.} 69. Bd3 Rg2) 69. Bxg6 $11 {[%emt 0:00:19] The position is equal.} Kxg6 $19 {[%emt 0:00:01] KPP-KP} 70. Kf2 Kf6 71. Kf1 Ke7 72. Ke1 Kd6 73. Kd2 $1 Kc6 74. Kc2 $1 Kb5 75. Kd3 {[%emt 0:00:12] Ke4 would be deadly.} Kc5 76. Kc3 $1 Kc6 77. Kc2 $1 Kd5 {[%emt 0:00:49] ( -> ...Kc4)} 78. Kd3 e4+ 79. fxe4+ $11 {[%emt 0:00:05] KP-KP} Ke5 80. Ke2 Kxe4 81. Kf2 f3 82. Kf1 Ke3 (82... Kd3 $5) 83. Ke1 f2+ 84. Kf1 Kf3 {White happily takes the draw.   Weighted Error Value: White=0.25 (precise) /Black=0.15 (very precise)} 1/2-1/2

[Event "Czech Championship U20 Open 2023"]
[Site "Jaromerice nad Rokytnou"]
[Date "2023.03.15"]
[Round "7.6"]
[White "Gnojek, Petr"]
[Black "Smolik, Jachym"]
[Result "1-0"]
[ECO "D20"]
[WhiteElo "2313"]
[BlackElo "2297"]
[Annotator "TA"]
[PlyCount "139"]
[EventDate "2023.03.10"]
[EventType "tourn"]
[EventCountry "CZE"]
[SourceTitle "playchess.com"]
[Source "ChessBase"]
[SourceQuality "1"]
[TimeControl "40/5400+30:1800+30"]

1. d4 d5 2. c4 dxc4 3. e4 b5 4. a4 c6 5. Nc3 Qb6 (5... b4 $11 6. Nce2 e6) 6. Be3 {[%emt 0:10:44] D20: Queen's Gambit Accepted: 3 e3 and 3 e4.} ({White should play} 6. axb5 $16 cxb5 7. b3) 6... b4 {[%emt 0:12:29] 6...e6 is setting a new trend.} 7. a5 Qa6 {[%emt 0:05:42] [#]} (7... Qd8 $14) 8. Nb1 $146 {[%emt 0:05:35] White is clearly better.} ({Predecessor:} 8. Na4 e6 9. b3 Qxa5 10. Bxc4 Nf6 11. Qf3 Bb7 12. Ne2 Nbd7 13. O-O Qc7 14. Bf4 {½-½ Qualano,B-Saponara,N (1665) Treviso Lega op 1996 (2)}) 8... e5 (8... c5 $142) 9. dxe5 Nd7 {[%emt 0:01:35] [#]} 10. e6 fxe6 11. Nd2 Ne5 12. Qh5+ Ng6 (12... Nf7 $142 13. Bxc4 (13. Nxc4 Qb7 $16) 13... Qb7) 13. Bxc4 ({Less strong is} 13. Nxc4 Nf6 14. Qd1 (14. Qf3 Qb7 $16) 14... Qb7 $16) 13... Qb7 14. f4 Nf6 15. Qf3 Be7 16. Nh3 c5 17. O-O {[%emt 0:06:52] Threatens to win with Ng5.} O-O (17... Qc6 $142 18. Ng5 h6) 18. Ng5 Qc6 19. Qh3 h6 20. Nxe6 Rf7 21. Qg3 $2 (21. Rad1 $18 {is more deadly.}) 21... Bxe6 $16 22. Bxe6 Qxe6 23. Qxg6 {[%emt 0:00:06] aiming for e5.} Qg4 24. Qxg4 (24. f5 {looks sharper.} Bd6 25. Nc4 Bc7 26. Qxg4 Nxg4 27. Bf4) 24... Nxg4 25. Nc4 Nxe3 26. Nxe3 Rd8 27. Nd5 Bf6 28. Rab1 (28. Nxf6+ $16 gxf6 29. Rad1) 28... Bd4+ $11 29. Kh1 Rb7 30. Rfd1 (30. Rfe1 $5 ) 30... Re8 31. e5 Rd8 32. Ne3 Rf8 $1 33. Re1 $36 {[%mdl 2048] White has the initiative.} Rxf4 34. Nd5 Rf8 {[%emt 0:03:19] ...Rd7 would be deadly.} 35. e6 {[%emt 0:00:10] Inhibits Rd7.} c4 $2 (35... Re8 $11 {and Black stays safe.}) 36. Re4 Bf6 (36... Bxb2 $2 37. e7 Re8 38. Rxb2 $18) 37. Nxf6+ (37. Rxc4 $18 {has better winning chances. Hoping for a6.} Re8 38. Re4 (38. Nxb4 Rxe6 39. h3 Rb5 $11)) 37... gxf6 $16 38. Rxc4 $18 {[%emt 0:00:16][%mdl 4096] Endgame KRR-KRR} Re8 $1 39. Re1 Rb5 $1 40. Rg4+ Kf8 41. Rg6 Rxa5 42. Rxf6+ Kg7 43. Ref1 Re5 44. Rf7+ Kg6 {[%emt 0:00:01] White now steadily converts the win.} 45. Rxa7 R8xe6 {[%emt 0:00:12] [#]} ({Black should try} 45... Re2) 46. Rb7 $1 $16 {[%emt 0:00:00] White is more active.} Re4 47. h3 Re7 $2 (47... Rd6 48. Rf2 h5) 48. Rxe7 $18 Rxe7 {[%emt 0:00:01] KR-KR} 49. Rf4 b3 50. Rf3 Rb7 51. Kg1 Kg5 52. Kf2 h5 $2 (52... Kh5 53. g3 Rb8) 53. g3 Rb8 54. Ke2 Re8+ 55. Kd2 Rd8+ 56. Kc3 Rd1 57. Kxb3 Rh1 58. h4+ Kg4 59. Rc3 Re1 60. Ka4 Ra1+ 61. Kb5 Ra8 62. b4 Rb8+ 63. Ka4 Ra8+ {[%emt 0:00:04] [#]} 64. Kb3 $1 Rb8 65. Rc5 Kxg3 66. Rxh5 Kg4 {[%emt 0:00:04] White mates.} 67. Re5 Kxh4 68. b5 Kg4 69. Kb4 Kf4 70. Re1 {[%emt 0:00:00] Weighted Error Value: White=0.23 (precise) /Black=0.36} 1-0

[Event "Czech Championship U20 Open 2023"]
[Site "Jaromerice nad Rokytnou"]
[Date "2023.03.15"]
[Round "8.1"]
[White "Hlavina, Matous"]
[Black "Smolik, Jachym"]
[Result "0-1"]
[ECO "B44"]
[WhiteElo "2091"]
[BlackElo "2297"]
[Annotator "TA"]
[PlyCount "62"]
[EventDate "2023.03.10"]
[EventType "tourn"]
[EventCountry "CZE"]
[SourceTitle "playchess.com"]
[Source "ChessBase"]
[SourceQuality "1"]
[TimeControl "40/5400+30:1800+30"]

1. e4 c5 2. Nf3 e6 3. d4 cxd4 4. Nxd4 Nc6 5. Nxc6 bxc6 6. Bd3 d5 $1 {[%emt 0:00:07][%mdl 4] now scores much better than the old 6...Nf6. B44: Sicilian: Taimanov: 5 Nb5.} 7. Qe2 Nf6 8. Nd2 Be7 {[%emt 0:01:52] The position is equal.} 9. O-O a5 10. c4 a4 {[%emt 0:06:13] [#]} 11. exd5 $146 ({Predecessor:} 11. Nf3 O-O 12. Rd1 Bb7 13. Bd2 Nd7 14. Rac1 Bf6 15. cxd5 cxd5 16. Bb4 Re8 17. Bb5 {1-0 Baramidze,D (2550)-Bischoff,K (2555) GER-ch 76th Altenkirchen 2005 (7)}) 11... cxd5 12. Nf3 O-O 13. Bf4 Bb7 14. Rad1 Qb6 15. Be5 Rac8 16. Ng5 (16. Bd4 $11 Qc7 17. Be5) 16... g6 $17 17. cxd5 Bxd5 18. Rfe1 Rfd8 (18... Bxa2 $17 19. Ba6 Ra8) 19. Bb1 Rc4 {[%emt 0:02:35] And now ...Nd7 would win. Dancing on a razor blade.} 20. h3 {[%emt 0:03:12] [#] This costs White the game.} ({Better is} 20. Nf3 $15) 20... Nd7 $1 $19 21. Nf3 Nxe5 22. Nxe5 Rb4 23. b3 axb3 24. axb3 Rxb3 {[%emt 0:01:46] ...Rb2 is the strong threat.} 25. Be4 $2 {[%emt 0:00:54] [#]} (25. Bc2 {was worth a try.} Rb4 26. Rb1) 25... Rb2 $1 26. Bc2 $2 (26. Qf3 Rxf2 27. Nc4 (27. Qxf2 $2 {loses.} Bc5 $19) 27... Rxf3+ 28. Nxb6 Bc5+ 29. Kh2 Bd6+ 30. Kh1 Bxe4 31. Rxe4) 26... Qc7 {[%emt 0:06:20] Black is clearly winning.} 27. Rc1 Rc8 28. Nxf7 Rxc2 29. Rxc2 Qxc2 30. Nh6+ Kg7 {[%emt 0:00:31] ( -> ...Qxe2)} 31. Qe5+ Bf6 {[%emt 0:00:09] Weighted Error Value: White=0.61/Black=0.04 (flawless)} 0-1